 Dungeon Crawl Stone Soup version 0.30.0-20-g3615ddf2f0 (webtiles) character file.

Game seed: 10875900077777709815

83717 qw the Severer (level 15, -1/96 HPs)
             Began as a Gargoyle Fighter on June 2, 2023.
             Was a High Priest of Okawaru.
             Slain by a minotaur
             ... wielding the +2 war axe "Brush" {heavy, *Rage Int+3 Dex+6}
              (46 damage)
             ... in a Gauntlet.
             The game lasted 00:08:59 (17411 turns).

qw the Severer (Gargoyle Fighter)                  Turns: 17411, Time: 00:08:59

Health: -1/96      AC: 36    Str: 24      XL:     15   Next: 78%
Magic:  19/20      EV: 12    Int:  7 (8)  God:    Okawaru [*****.]
Gold:   2327       SH: 22    Dex: 19      Spells: 14/14 levels left

rFire   . . .        x - +6 broad axe (flame)
rCold   + + .        e - +0 tower shield
rNeg    + + .        w - +0 plate armour {rN+}
rPois   inf          (helmet restricted)
rElec   +            A - +2 cloak of Fun and Games {rC++ Int-2}
rCorr   +            t - +1 pair of gloves
SInv    +            B - +0 pair of boots of Nepaec {Will- rCorr Str+2}
Will    .....        l - amulet of faith Stlth
                     p - ring "Ithiat" {Dex+6 Slay+4}
HPRegen 0.36/turn    C - ring of see invisible
MPRegen 0.17/turn

%: no teleportation, faith
@: heroic, flying
A: sickness immunity, AC +11, big wings, negative energy resistance 1,
electricity resistance, torment resistance 1, petrification resistance, horns 1,
agile 1, low MP 1, weak 1, subdued magic 1
a: Renounce Religion, Heroism, Finesse, Duel


You were in a Gauntlet.
You worshipped Okawaru.
Okawaru was extremely pleased with you.
You visited 2 branches of the dungeon, and saw 20 of its levels.
You also visited: Sewer and Gauntlet.

You collected 2371 gold pieces.
You spent 44 gold pieces at shops.


Innate Abilities, Weirdness & Mutations

You are immune to sickness and miasma.
Your stone body is resilient. (AC +11)
You are immune to poison.
Your large and strong wings let you fly.
You resist negative energy. (rN+)
You are resistant to electric shocks. (rElec)
You are resistant to unholy torment.
You are immune to petrification.
You have a pair of small horns on your head.
You are agile. (Dex +4, Str/Int -1)
Your magical capacity is low. (-10% MP)
You are weak. (Str -2)
Your spells are a little easier to cast, but a little less powerful.


   Skills:
 - Level 12.0(17.0) Fighting
 - Level 15.1(20.1) Axes
 - Level 6.1(11.1) Throwing
 - Level 11.0(16.0) Armour
 - Level 5.0(10.0) Dodging
 + Level 13.9(18.9) Shields
 - Level 10.0 Invocations


You had 14 spell levels left.
You didn't know any spells.
Your spell library was empty.

Inventory:

Hand Weapons
 s - the +6 war axe of the Spider {freeze, rF+}
   (Okawaru gifted it to you on level 2 of the Lair of Beasts)

   rF:        It protects you from fire.
 x - a +6 broad axe of flaming (weapon)
Missiles
 n - 5 boomerangs
 q - 4 javelins (quivered)
Armour
 e - a +0 tower shield (worn)
 o - a +0 pair of boots
 t - a +1 pair of gloves (worn)
 u - +0 acid dragon scales
 w - a +0 plate armour of positive energy (worn)
 A - the +2 cloak of Fun and Games (worn) {rC++ Int-2}
   (You found it on level 9 of the Dungeon)

   Int:       It affects your intelligence (-2).
   rC:        It greatly protects you from cold.
 B - the +0 pair of boots of Nepaec (worn) {Will- rCorr Str+2}
   (You found it on level 3 of the Lair of Beasts)

   Str:       It affects your strength (+2).
   rCorr:     It protects you from acid and corrosion.
   Will:      It decreases your willpower.
Jewellery
 c - a ring of protection from fire
 h - a ring of resist corrosion
 k - the ring "Wouphapt" {Ice Str+3}
   (You found it in a Gauntlet)

   [ring of ice]

   It enhances your ice magic.
   Str:       It affects your strength (+3).
   rF:        It makes you vulnerable to fire.
   rC:        It protects you from cold.
 l - an amulet of faith (around neck)
 p - the ring "Ithiat" (left hand) {Dex+6 Slay+4}
   (You found it on level 3 of the Dungeon)

   [ring of dexterity]

   Dex:       It affects your dexterity (+6).
   Slay:      It affects your accuracy & damage with ranged weapons and melee
   (+4).
 C - a ring of see invisible (right hand)
 E - an amulet of the acrobat
 Y - the ring "Ohuemuugh" {Contam +Blink rPois Str+6 Int+6}
   (You found it on level 9 of the Dungeon)

   [ring of intelligence]

   Str:       It affects your strength (+6).
   Int:       It affects your intelligence (+6).
   rPois:     It protects you from poison.
   +Blink:    It lets you blink.
   Contam:    It causes magical contamination when unequipped.
Scrolls
 f - 7 scrolls of identify
 m - 6 scrolls of teleportation
Potions
 a - 12 potions of curing
 b - 7 potions of mutation
 d - 11 potions of might
 g - 7 potions of attraction
 i - 5 potions of lignification
 j - a potion of resistance
 r - 2 potions of haste
 v - a potion of magic

Dungeon Overview and Level Annotations

Branches:
Dungeon (15/15)            Temple (0/1) D:7            Lair (5/5) D:10
 Shoals (0/4) Lair:3        Snake (0/4) Lair:2        Slime (0/5) Lair:4
    Orc (0/2) D:11         Vaults (0/5) D:14          Sewer (visited)
Gauntlet (1/1)
 Depths: D:15

Altars:
Cheibriados
Fedhas
Hepliaklqana
Okawaru
Qazlal
Ru
Uskayaw
Xom
Zin
The Shining One
Jiyva

Shops:
D:4 =(*

Annotations:
D:1 2 transporters
D:9 3 runed translucent doors, qw's ghost, novice GrFi
D:14 2 transporters, Jiolyugh's ghost, journeyman GrEE Gauntlet 6 transporters, 2 runed translucent doors


Message History

You enter the transporter and appear at another place.
As you open the door, it creaks loudly!
A minotaur comes into view.
It is wielding a +5 shortbow of freezing, wearing a +4 chain mail of willpower and quivering silver javelins.
The minotaur shoots an arrow.
The arrow hits you but does no damage.
Found a chain mail and a runed robe.
17400 ||| Stepping ~*~*~tactically~*~*~ (hiding).
You start waiting.
A minotaur is nearby!
17404 ||| INVOKING Heroism.
You gain the combat prowess of a mighty hero.
The minotaur shoots an arrow.
The arrow hits you!
The minotaur unwields a +5 shortbow of freezing.
The minotaur wields the +2 war axe "Brush" {heavy, *Rage Int+3 Dex+6}.
You block the minotaur's attack.
The minotaur goes berserk!
The minotaur gores you.
You slice the minotaur!! You burn the minotaur.
The minotaur is moderately wounded.
You hit the minotaur but do no damage.
You headbutt the minotaur, but do no damage.
The minotaur is moderately wounded.
You block the minotaur's attack.
The minotaur gores you but does no damage.
You hit the minotaur. You burn the minotaur.
You headbutt the minotaur, but do no damage.
The minotaur is moderately wounded.
You block the minotaur's attack. x2
You barely miss the minotaur.
The minotaur furiously retaliates!
The minotaur headbutts you, but does no damage.
Your headbutt misses the minotaur.
The minotaur is moderately wounded.
The minotaur hits you with the +2 war axe "Brush" {heavy, *Rage Int+3 Dex+6}!!!
The minotaur gores you but does no damage.
You slash the minotaur! You burn the minotaur.
You headbutt the minotaur, but do no damage.
The minotaur is heavily wounded.
You slash the minotaur! You burn the minotaur.
You headbutt the minotaur, but do no damage.
The minotaur is heavily wounded.
The minotaur hits you with the +2 war axe "Brush" {heavy, *Rage Int+3 Dex+6}!!!
You die...

########.8.#~~.###...
#..........##~.##=##+
##.##.###.8.###.#ยค|#^#
#8..........##..##.'##
#.....#.#.8.#...###...
#######.#.#...#.\.###...
[8[8.8#...#.^.#...######
......H.###...#.8.....#.
#@..#.^.#...######
#####.#.#...#.\.#h.8#8
#.....#.#.8.#...#)..8.
#8..........##..#=.8.8
##.##.###.8.###.#^8.^.
#..........##~.#(.8.8
########.8.#~~.#...8.
..##~.#8.8#8 ##.######


You could see a minotaur (berserk).

Vanquished Creatures
  Louise (D:14)
  A cacodemon (Gauntlet)
  A dire elephant (Lair:5)
  Snorg (Lair:3)
  A hydra (Lair:2)
  An ogre mage (D:14)
  A catoblepas (Lair:5)
  5 two-headed ogres
  3 centaur warriors (D:13)
  4 boulder beetles
  5 death yaks (Lair:5)
  A deep troll shaman (Lair:5)
  3 tengu warriors
  A shock serpent (shapeshifter) (D:13)
  2 skysharks
  Amaemon (D:9)
  4 skeletal warriors (D:14)
  A wizard (Gauntlet)
  4 harpies (Lair:3)
  7 deep elf pyromancers
  An orc sorcerer (D:9)
  29 ugly things
  4 cyclopes
  4 manticores
  26 elephants
  3 black mambas
  8 cane toads
  6 orange demons
  A gargoyle (D:9)
  Maggie (D:8)
  An unseen horror (D:12)
  2 efreet (D:13)
  6 rime drakes
  8 komodo dragons
  8 trolls
  A red devil (D:15)
  2 polar bears
  Prince Ribbit (D:7)
  9 blink frogs
  5 dream sheep (Lair:4)
  6 slime creatures (D:12)
  A shadow (D:10)
  2 wraiths
  2 centaur simulacra (Gauntlet)
  A vampire (D:13)
  6 basilisks
  3 neqoxecs (Gauntlet)
  45 yaks
  5 wyverns
  3 steam dragons
  2 vampire mosquitoes (D:11)
  An acid dragon (D:12)
  3 nagas (Lair:2)
  Duvessa (D:7)
  11 water moccasins
  6 black bears
  6 orc warriors
  An ice beast (D:7)
  An ogre (D:4)
  2 sky beasts
  10 wolves
  8 centaurs
  2 phantoms
  Blork the orc (D:5)
  5 kobold brigands
  10 bullfrogs
  A cane toad simulacrum (Gauntlet)
  3 wights (D:9)
  Dowan (D:7)
  11 killer bees
  8 electric eels
  6 howler monkeys
  2 hounds
  A jelly (D:6)
  9 orc priests
  3 iguanas
  2 sleepcaps
  9 orc wizards
  Robin (D:3)
  7 gnolls
  15 adders
  4 river rats
  A shadow imp (Gauntlet)
  A white imp (Gauntlet)
  An ufetubus (D:7)
  4 worms
  A dart slug (D:3)
  28 orcs
  21 ball pythons
  6 endoplasms
  4 giant cockroaches (D:1)
  26 goblins
  9 hobgoblins
  6 jackals
  A quokka (D:4)
  4 bats (D:1)
  4 frilled lizards
  7 kobolds
  28 rats
  A butterfly (Lair:3)
554 creatures vanquished.

Notes
Turn   | Place    | Note
-------+----------+-------------------------------------------
     0 | D:1      | qw the Gargoyle Fighter began the quest for the Orb.
     0 | D:1      | Reached XP level 1. HP: 14/14 MP: 1/1
     0 | D:1      | 0 ||| qw: Version: 0.2-a-102-gdf20003
     0 | D:1      | 0 ||| qw: Game counter: 787
     0 | D:1      | 0 ||| qw: Always use a shield: true
     0 | D:1      | 0 ||| qw: God list: Okawaru
     0 | D:1      | 0 ||| qw: Allow faded altars: false
     0 | D:1      | 0 ||| qw: Do Orc after D:15 true
     0 | D:1      | 0 ||| qw: Do second Lair branch before Depths: true
     0 | D:1      | 0 ||| qw: Lair rune preference: random
     0 | D:1      | 0 ||| qw: Plans: Normal, Zot:1-4, Slime:5, God:TSO, Crypt,
                  | Tomb, Pan, Hells, Abyss, Win
     0 | D:1      | 0 ||| PLANNING D:1-11
    52 | D:1      | Reached skill level 2 in Axes
    54 | D:1      | 54 ||| Stepping ~*~*~tactically~*~*~ (stealth).
    65 | D:1      | Reached XP level 2. HP: 17/19 MP: 2/2
   132 | D:1      | 132 ||| Stepping ~*~*~tactically~*~*~ (stealth).
   133 | D:1      | 133 ||| Stepping ~*~*~tactically~*~*~ (stealth).
   134 | D:1      | 134 ||| Stepping ~*~*~tactically~*~*~ (stealth).
   135 | D:1      | 135 ||| Stepping ~*~*~tactically~*~*~ (stealth).
   136 | D:1      | 136 ||| Stepping ~*~*~tactically~*~*~ (stealth).
   138 | D:1      | 138 ||| Stepping ~*~*~tactically~*~*~ (stealth).
   139 | D:1      | 139 ||| Stepping ~*~*~tactically~*~*~ (stealth).
   227 | D:1      | Reached skill level 3 in Axes
   265 | D:1      | Reached XP level 3. HP: 23/23 MP: 3/3
   386 | D:1      | 386 ||| Stepping ~*~*~tactically~*~*~ (stealth).
   665 | D:1      | 665 ||| DROPPING orb of wrath.
   666 | D:1      | 666 ||| READING scroll labelled PIKIKU CING.
   667 | D:1      | 667 ||| READING scroll labelled LUEPSE KAWN.
   819 | D:2      | 819 ||| Stepping ~*~*~tactically~*~*~ (hiding).
   822 | D:2      | 822 ||| Stepping ~*~*~tactically~*~*~ (hiding).
   962 | D:2      | 962 ||| DROPPING +0 club.
   972 | D:2      | 972 ||| Stepping ~*~*~tactically~*~*~ (stealth).
  1022 | D:2      | Reached XP level 4. HP: 26/28 MP: 4/4
  1305 | D:2      | Reached skill level 4 in Axes
  1461 | D:2      | 1461 ||| UPGRADING to +0 helmet.
  1466 | D:2      | 1466 ||| READING scroll labelled KAVESY MEUN.
  1470 | D:2      | 1470 ||| READING 2 scrolls labelled MAYGGU YKUXU.
  1471 | D:2      | 1471 ||| READING scroll labelled CEKLOA PIFU.
  1472 | D:2      | 1472 ||| DROPPING scroll of blinking.
  1818 | D:3      | 1818 ||| Stepping ~*~*~tactically~*~*~ (stealth).
  1820 | D:3      | 1820 ||| Stepping ~*~*~tactically~*~*~ (stealth).
  1823 | D:3      | Noticed Robin
  1839 | D:3      | Reached skill level 1 in Throwing
  1847 | D:3      | Killed Robin
  2156 | D:3      | Identified the ring "Ithiat" {Dex+6 Slay+4}
  2209 | D:3      | 2209 ||| UPGRADING to ring "Ithiat" {Dex+6 Slay+4}.
  2210 | D:3      | 2210 ||| READING scroll labelled UPILOXK EBRUO.
  2211 | D:3      | 2211 ||| READING 2 scrolls labelled NEBBAE ZISHY.
  2212 | D:3      | 2212 ||| DRINKING 3 fuming dark potions.
  2233 | D:3      | 2233 ||| READING 3 scrolls of identify.
  2233 | D:3      | 2233 ||| IDENTIFYING metallic blue potion
  2234 | D:3      | 2234 ||| READING 2 scrolls of identify.
  2234 | D:3      | 2234 ||| IDENTIFYING sapphire potion
  2235 | D:3      | 2235 ||| DROPPING potion of ambrosia.
  2236 | D:3      | 2236 ||| DROPPING scroll of fear.
  2248 | D:4      | Found Naoc's General Store.
  2249 | D:4      | 2249 ||| PLANNING SEWER
  2256 | D:4      | 2256 ||| BUYING +0 broad axe (44 gold).
  2256 | D:4      | Bought a +0 broad axe for 44 gold pieces
  2256 | D:4      | 2256 ||| SHOPLISTING potion of cancellation (88 gold, have
                  | 86).
  2256 | D:4      | 2256 ||| SHOPLISTING wand of digging (3) (138 gold, have
                  | 86).
  2256 | D:4      | 2256 ||| SWAPPING to +0 broad axe.
  2257 | D:4      | 2257 ||| DROPPING +0 war axe.
  2265 | D:4      | Reached XP level 5. HP: 32/32 MP: 5/5
  2276 | D:4      | Found a glowing drain.
  2289 | D:4      | Reached skill level 1 in Dodging
  2301 | Sewer    | Entered a sewer
  2596 | Sewer    | 2596 ||| Stepping ~*~*~tactically~*~*~ (water).
  2602 | Sewer    | Reached skill level 5 in Axes
  2602 | Sewer    | Reached XP level 6. HP: 29/37 MP: 6/6
  2666 | Sewer    | 2666 ||| READING scroll labelled OMOMNE HOEWN.
  2667 | Sewer    | 2667 ||| READING scroll labelled FIUHEO ZYESOC.
  2668 | Sewer    | 2668 ||| READING scroll labelled RORITE GOXKOANG.
  2669 | Sewer    | 2669 ||| READING 2 scrolls of identify.
  2669 | Sewer    | 2669 ||| IDENTIFYING amethyst potion
  2673 | D:4      | 2673 ||| PLANNING D:1-11
  2687 | D:4      | 2687 ||| Stepping ~*~*~tactically~*~*~ (stealth).
  2730 | D:4      | 2730 ||| Stepping ~*~*~tactically~*~*~ (hiding).
  2731 | D:4      | 2731 ||| Stepping ~*~*~tactically~*~*~ (hiding).
  2733 | D:4      | 2733 ||| Stepping ~*~*~tactically~*~*~ (hiding).
  2746 | D:4      | 2746 ||| DROPPING +0 whip.
  2758 | D:4      | 2758 ||| Stepping ~*~*~tactically~*~*~ (stealth).
  2760 | D:4      | 2760 ||| Stepping ~*~*~tactically~*~*~ (hiding).
  2761 | D:4      | 2761 ||| Stepping ~*~*~tactically~*~*~ (hiding).
  2764 | D:4      | 2764 ||| DRINKING potion of curing.
  2764 | D:4      | 2764 ||| (to cure confusion)
  2772 | D:4      | Reached skill level 6 in Axes
  2772 | D:4      | Reached XP level 7. HP: 28/43 MP: 7/7
  2829 | D:4      | 2829 ||| DROPPING +1 whip of flaming.
  2856 | D:4      | 2856 ||| Stepping ~*~*~tactically~*~*~ (stealth).
  2877 | D:4      | 2877 ||| Stepping ~*~*~tactically~*~*~ (hiding).
  2957 | D:4      | Found Lumnuemie's Antique Weapon Shoppe.
  3060 | D:4      | 3060 ||| Stepping ~*~*~tactically~*~*~ (stealth).
  3112 | D:4      | Found Koodasilo's Jewellery Boutique.
  3117 | D:4      | 3117 ||| SHOPLISTING +6 ring of dexterity (504 gold, have
                  | 133).
  3117 | D:4      | 3117 ||| SHOPLISTING amulet of regeneration (420 gold, have
                  | 133).
  3117 | D:4      | 3117 ||| SHOPLISTING ring of resist corrosion (280 gold,
                  | have 133).
  3117 | D:4      | 3117 ||| SHOPLISTING ring of see invisible (210 gold, have
                  | 133).
  3117 | D:4      | 3117 ||| SHOPLISTING ring of willpower (350 gold, have
                  | 133).
  3227 | D:4      | Reached skill level 7 in Axes
  3258 | D:4      | 3258 ||| READING scroll of enchant weapon.
  3258 | D:4      | 3258 ||| ENCHANTING +1 heavy broad axe.
  3339 | D:4      | 3339 ||| UPGRADING to +2 scale mail of poison resistance.
  3349 | D:4      | 3349 ||| DROPPING +0 scale mail.
  3350 | D:4      | 3350 ||| UPGRADING to +2 helmet.
  3360 | D:4      | 3360 ||| DROPPING +0 helmet.
  3361 | D:4      | 3361 ||| UPGRADING to +0 chain mail.
  3371 | D:4      | 3371 ||| DROPPING +2 scale mail of poison resistance.
  3372 | D:4      | 3372 ||| READING scroll labelled NEIMEL ORCHUY.
  3373 | D:4      | 3373 ||| DRINKING 2 fizzy inky potions.
  3402 | D:5      | Entered Level 5 of the Dungeon
  3409 | D:5      | 3409 ||| STAIRDANCE
  3446 | D:5      | Noticed Blork the orc
  3450 | D:5      | Killed Blork the orc
  3518 | D:5      | Identified the +5 whip of the Girdle {elec, rElec Dex+5}
  3520 | D:5      | 3520 ||| DROPPING +0 flail.
  3623 | D:5      | Reached XP level 8. HP: 49/49 MP: 8/8
  3633 | D:5      | Found an iron altar of Okawaru.
  3634 | D:5      | 3634 ||| PLANNING OKAWARU WORSHIP
  3634 | D:5      | 3634 ||| DRINKING 2 fuming blue potions.
  3635 | D:5      | 3635 ||| READING 2 scrolls of identify.
  3635 | D:5      | 3635 ||| IDENTIFYING sedimented amethyst potion
  3636 | D:5      | 3636 ||| DROPPING potion of brilliance.
  3644 | D:5      | Became a worshipper of Warmaster Okawaru
  3644 | D:5      | 3644 ||| PLANNING D:1-11
  3797 | D:5      | Found a stormy altar of Qazlal.
  3825 | D:5      | 3825 ||| DROPPING +2 ring mail of positive energy.
  3826 | D:5      | 3826 ||| UPGRADING to ring of protection from fire.
  3827 | D:5      | 3827 ||| DROPPING ring of magical power.
  3846 | D:6      | Reached skill level 8 in Axes
  3847 | D:6      | Reached * piety under Okawaru
  4031 | D:6      | Noticed a yak
  4033 | D:6      | 4033 ||| INVOKING Heroism.
  4037 | D:6      | Reached skill level 6 in Fighting
  4037 | D:6      | Reached skill level 1 in Invocations
  4037 | D:6      | Noticed a yak
  4038 | D:6      | Killed a yak
  4041 | D:6      | 4041 ||| INVOKING Heroism.
  4042 | D:6      | Killed a yak
  4042 | D:6      | Noticed a yak
  4043 | D:6      | Reached skill level 3 in Invocations
  4043 | D:6      | 4043 ||| Stepping ~*~*~tactically~*~*~ (stealth).
  4045 | D:6      | 4045 ||| Stepping ~*~*~tactically~*~*~ (stealth).
  4053 | D:6      | Reached XP level 9. HP: 42/55 MP: 6/11
  4056 | D:6      | 4056 ||| INVOKING Heroism.
  4226 | D:6      | 4226 ||| INVOKING Heroism.
  4367 | D:6      | 4367 ||| INVOKING Heroism.
  4374 | D:6      | 4374 ||| Stepping ~*~*~tactically~*~*~ (stealth).
  4383 | D:6      | 4383 ||| STAIRDANCE
  4417 | D:5      | 4417 ||| READING scroll labelled EKENAA EJETS.
  4417 | D:5      | Identified a scroll of acquirement
  4417 | D:5      | 4417 ||| ACQUIRING 1065 gold pieces
  4417 | D:5      | Acquired 1065 gold pieces
  4419 | D:5      | 4419 ||| READING 2 scrolls of identify.
  4419 | D:5      | 4419 ||| IDENTIFYING bubbling pink potion
  4420 | D:5      | 4420 ||| DROPPING potion of invisibility.
  4716 | D:6      | 4716 ||| UPGRADING to amulet of faith.
  4721 | D:6      | 4721 ||| READING 2 scrolls of identify.
  4721 | D:6      | 4721 ||| IDENTIFYING ruby potion
  4722 | D:6      | 4722 ||| DROPPING potion of degeneration.
  4862 | D:7      | 4862 ||| Stepping ~*~*~tactically~*~*~ (hiding).
  4863 | D:7      | 4863 ||| Stepping ~*~*~tactically~*~*~ (hiding).
  4864 | D:7      | 4864 ||| INVOKING Heroism.
  4869 | D:7      | Reached skill level 9 in Axes
  4872 | D:7      | 4872 ||| Stepping ~*~*~tactically~*~*~ (stealth).
  4883 | D:7      | 4883 ||| Stepping ~*~*~tactically~*~*~ (stealth).
  4934 | D:7      | 4934 ||| INVOKING Heroism.
  5015 | D:7      | Found a blossoming altar of Fedhas.
  5017 | D:7      | Found a glowing silver altar of Zin.
  5017 | D:7      | Found a hazy altar of Hepliaklqana.
  5017 | D:7      | Found a snail-covered altar of Cheibriados.
  5017 | D:7      | Found a shimmering altar of Xom.
  5019 | D:7      | Found a hide-covered altar of Uskayaw.
  5022 | D:7      | Found a sacrificial altar of Ru.
  5042 | D:7      | You fall into a shaft and drop 1 floor!
  5140 | D:7      | 5140 ||| INVOKING Heroism.
  5146 | D:7      | Noticed Prince Ribbit
  5149 | D:7      | Killed Prince Ribbit
  5232 | D:7      | 5232 ||| Stepping ~*~*~tactically~*~*~ (stealth).
  5437 | D:7      | Found a staircase to the Ecumenical Temple.
  5437 | D:7      | Noticed Duvessa
  5437 | D:7      | Noticed Dowan
  5438 | D:7      | 5438 ||| INVOKING Heroism.
  5443 | D:7      | Killed Duvessa
  5446 | D:7      | Killed Dowan
  5454 | D:7      | 5454 ||| UPGRADING to +0 pair of gloves.
  5498 | D:8      | Reached ** piety under Okawaru
  5501 | D:8      | Reached XP level 10. HP: 44/63 MP: 13/13
  5501 | D:8      | 5501 ||| INVOKING Heroism.
  5574 | D:8      | 5574 ||| DROPPING +5 whip of the Girdle {elec, rElec
                  | Dex+5}.
  5607 | D:8      | Found a flagged portal.
  5608 | D:8      | 5608 ||| Stepping ~*~*~tactically~*~*~ (hiding).
  5614 | D:8      | 5614 ||| INVOKING Heroism.
  5627 | D:8      | 5627 ||| INVOKING Heroism.
  5637 | D:8      | 5637 ||| FLEEEEING.
  5638 | D:8      | 5638 ||| FLEEEEING.
  5639 | D:8      | 5639 ||| FLEEEEING.
  5640 | D:8      | 5640 ||| FLEEEEING.
  5641 | D:8      | 5641 ||| FLEEEEING.
  5642 | D:8      | 5642 ||| FLEEEEING.
  5643 | D:8      | 5643 ||| FLEEEEING.
  5644 | D:8      | 5644 ||| FLEEEEING.
  5645 | D:8      | 5645 ||| FLEEEEING.
  5648 | D:8      | 5648 ||| INVOKING Heroism.
  5867 | D:8      | Noticed Maggie
  5868 | D:8      | 5868 ||| Stepping ~*~*~tactically~*~*~ (hiding).
  5877 | D:8      | Killed Maggie
  5878 | D:8      | Reached skill level 10 in Axes
  5919 | D:8      | 5919 ||| Stepping ~*~*~tactically~*~*~ (stealth).
  5920 | D:8      | 5920 ||| Stepping ~*~*~tactically~*~*~ (stealth).
  5921 | D:8      | 5921 ||| Stepping ~*~*~tactically~*~*~ (stealth).
  6206 | D:9      | 6206 ||| INVOKING Heroism.
  6263 | D:9      | 6263 ||| READING scroll of enchant weapon.
  6263 | D:9      | 6263 ||| ENCHANTING +2 heavy broad axe.
  6277 | D:9      | 6277 ||| Stepping ~*~*~tactically~*~*~ (stealth).
  6278 | D:9      | 6278 ||| Stepping ~*~*~tactically~*~*~ (stealth).
  6356 | D:9      | 6356 ||| Stepping ~*~*~tactically~*~*~ (hiding).
  6357 | D:9      | 6357 ||| Stepping ~*~*~tactically~*~*~ (hiding).
  6360 | D:9      | 6360 ||| INVOKING Heroism.
  6384 | D:9      | Noticed a boulder beetle
  6384 | D:9      | Noticed a deep elf pyromancer
  6385 | D:9      | 6385 ||| INVOKING Heroism.
  6388 | D:9      | Killed a deep elf pyromancer
  6389 | D:9      | Reached skill level 3 in Throwing
  6400 | D:9      | Killed a boulder beetle
  6400 | D:9      | Reached *** piety under Okawaru
  6401 | D:9      | Reached skill level 6 in Shields
  6457 | D:9      | Noticed a cyclops
  6457 | D:9      | Noticed a gargoyle
  6458 | D:9      | 6458 ||| INVOKING Heroism.
  6462 | D:9      | Killed a gargoyle
  6465 | D:9      | HP: 10/64 [cyclops (9)]
  6466 | D:9      | 6466 ||| READING 5 scrolls of teleportation.
  6467 | D:9      | Killed a cyclops
  6467 | D:9      | Reached **** piety under Okawaru
  6467 | D:9      | Received a gift from Okawaru
  6468 | D:9      | Reached skill level 11 in Axes
  6468 | D:9      | Reached XP level 11. HP: 12/68 MP: 12/14
  6649 | D:9      | Noticed an orc sorcerer
  6649 | D:9      | Noticed a deep elf pyromancer
  6649 | D:9      | Noticed a deep elf pyromancer
  6650 | D:9      | 6650 ||| INVOKING Heroism.
  6656 | D:9      | Killed a deep elf pyromancer
  6658 | D:9      | Killed a deep elf pyromancer
  6659 | D:9      | Reached skill level 6 in Armour
  6660 | D:9      | Killed an orc sorcerer
  6660 | D:9      | Received a gift from Okawaru
  6703 | D:9      | Identified the ring "Ohuemuugh" {Contam +Blink rPois Str+6
                  | Int+6}
  6732 | D:9      | Noticed a deep elf pyromancer
  6736 | D:9      | Killed a deep elf pyromancer
  6737 | D:9      | Reached skill level 6 in Invocations
  6771 | D:9      | Noticed a cyan ugly thing
  6771 | D:9      | Noticed a red ugly thing
  6778 | D:9      | Killed a green ugly thing
  6778 | D:9      | Received a gift from Okawaru
  6779 | D:9      | Reached skill level 3 in Dodging
  6782 | D:9      | Killed a cyan ugly thing
  6822 | D:9      | Noticed a deep elf pyromancer
  6822 | D:9      | Noticed a manticore
  6823 | D:9      | 6823 ||| INVOKING Heroism.
  6826 | D:9      | Killed a deep elf pyromancer
  6831 | D:9      | Killed a manticore
  6889 | D:9      | Noticed a two-headed ogre
  6890 | D:9      | 6890 ||| INVOKING Heroism.
  6893 | D:9      | Killed a two-headed ogre
  6893 | D:9      | Reached ***** piety under Okawaru
  6893 | D:9      | Received a gift from Okawaru
  6894 | D:9      | Reached skill level 9 in Fighting
  7053 | D:9      | Noticed Amaemon
  7054 | D:9      | 7054 ||| Stepping ~*~*~tactically~*~*~ (hiding).
  7057 | D:9      | 7057 ||| Stepping ~*~*~tactically~*~*~ (hiding).
  7058 | D:9      | 7058 ||| Stepping ~*~*~tactically~*~*~ (hiding).
  7060 | D:9      | 7060 ||| INVOKING Heroism.
  7067 | D:9      | Killed Amaemon
  7067 | D:9      | Identified the +0 kite shield of the Cobbler {Fly Will-
                  | Str+2 Dex+3} (Okawaru gifted it to you on level 9 of the
                  | Dungeon)
  7067 | D:9      | Received a gift from Okawaru
  7087 | D:9      | 7087 ||| DROPPING +1 flail of protection.
  7102 | D:9      | Noticed a two-headed ogre
  7103 | D:9      | 7103 ||| INVOKING Heroism.
  7107 | D:9      | Killed a two-headed ogre
  7148 | D:9      | Identified the +2 cloak of Fun and Games {rC++ Int-2}
  7179 | D:9      | 7179 ||| FLEEEEING.
  7180 | D:9      | 7180 ||| FLEEEEING.
  7190 | D:9      | 7190 ||| STAIRDANCE
  7213 | D:8      | 7213 ||| UPGRADING to +0 kite shield of the Cobbler {Fly
                  | Will- Str+2 Dex+3}.
  7223 | D:8      | 7223 ||| DROPPING +0 buckler.
  7224 | D:8      | 7224 ||| DROPPING +1 scale mail of fire resistance.
  7225 | D:8      | 7225 ||| UPGRADING to +0 plate armour of positive energy.
  7235 | D:8      | 7235 ||| DROPPING +0 chain mail.
  7236 | D:8      | 7236 ||| UPGRADING to +2 cloak of Fun and Games {rC++
                  | Int-2}.
  7241 | D:8      | 7241 ||| UPGRADING to ring "Ohuemuugh" {Contam +Blink rPois
                  | Str+6 Int+6}.
  7319 | D:9      | Noticed a two-headed ogre
  7320 | D:9      | 7320 ||| INVOKING Heroism.
  7329 | D:9      | Reached XP level 12. HP: 71/76 MP: 16/18
  7329 | D:9      | Killed a two-headed ogre
  7330 | D:9      | Reached skill level 9 in Invocations
  7330 | D:9      | 7330 ||| Stepping ~*~*~tactically~*~*~ (hiding).
  7331 | D:9      | 7331 ||| Stepping ~*~*~tactically~*~*~ (hiding).
  7332 | D:9      | 7332 ||| Stepping ~*~*~tactically~*~*~ (hiding).
  7334 | D:9      | 7334 ||| Stepping ~*~*~tactically~*~*~ (hiding).
  7335 | D:9      | 7335 ||| Stepping ~*~*~tactically~*~*~ (hiding).
  7336 | D:9      | 7336 ||| Stepping ~*~*~tactically~*~*~ (hiding).
  7342 | D:9      | 7342 ||| Stepping ~*~*~tactically~*~*~ (stealth).
  7345 | D:9      | 7345 ||| Stepping ~*~*~tactically~*~*~ (stealth).
  7390 | D:9      | Found a runed translucent gate.
  7390 | D:9      | Found a runed translucent gate.
  7390 | D:9      | Found a runed translucent gate.
  7391 | D:9      | Noticed qw's ghost (novice GrFi)
  7660 | D:9      | 7660 ||| READING scroll labelled HOCEPU VOBORUWEL.
  7661 | D:9      | 7661 ||| READING scroll labelled KYPTUG HUBEITIAFF.
  7683 | D:10     | Entered Level 10 of the Dungeon
  7690 | D:10     | 7690 ||| Stepping ~*~*~tactically~*~*~ (stealth).
  7692 | D:10     | 7692 ||| Stepping ~*~*~tactically~*~*~ (stealth).
  7703 | D:10     | 7703 ||| INVOKING Heroism.
  7832 | D:10     | Found a staircase to the Lair.
  8064 | D:10     | 8064 ||| Stepping ~*~*~tactically~*~*~ (stealth).
  8071 | D:10     | 8071 ||| Stepping ~*~*~tactically~*~*~ (hiding).
  8247 | D:10     | 8247 ||| Stepping ~*~*~tactically~*~*~ (hiding).
  8252 | D:10     | 8252 ||| INVOKING Heroism.
  8400 | D:10     | 8400 ||| INVOKING Heroism.
  8611 | D:10     | 8611 ||| PLANNING LAIR
  8611 | D:10     | 8611 ||| READING 6 scrolls of identify.
  8611 | D:10     | 8611 ||| IDENTIFYING brown potion
  8612 | D:10     | 8612 ||| DROPPING potion of flight.
  8624 | Lair:1   | Entered Level 1 of the Lair of Beasts
  8624 | Lair:1   | Noticed a boulder beetle
  8625 | Lair:1   | 8625 ||| INVOKING Heroism.
  8630 | Lair:1   | Killed a boulder beetle
  8631 | Lair:1   | Reached skill level 9 in Shields
  8713 | Lair:1   | 8713 ||| INVOKING Heroism.
  8761 | Lair:1   | 8761 ||| Stepping ~*~*~tactically~*~*~ (stealth).
  8907 | Lair:1   | 8907 ||| Stepping ~*~*~tactically~*~*~ (hiding).
  9179 | Lair:1   | 9179 ||| Stepping ~*~*~tactically~*~*~ (stealth).
  9184 | Lair:1   | Received a gift from Okawaru
  9190 | Lair:1   | 9190 ||| INVOKING Heroism.
  9628 | Lair:1   | 9628 ||| UPGRADING to +0 pair of boots.
  9633 | Lair:1   | 9633 ||| READING scroll labelled GELEMY QIALAS.
  9660 | Lair:2   | 9660 ||| INVOKING Heroism.
  9675 | Lair:2   | Reached XP level 13. HP: 55/80 MP: 20/20
  9680 | Lair:2   | Reached skill level 9 in Armour
  9694 | Lair:2   | 9694 ||| Stepping ~*~*~tactically~*~*~ (stealth).
  9699 | Lair:2   | 9699 ||| INVOKING Heroism.
  9708 | Lair:2   | Reached skill level 12 in Axes
  9802 | Lair:2   | 9802 ||| READING scroll of enchant weapon.
  9802 | Lair:2   | 9802 ||| ENCHANTING +3 heavy broad axe.
  9823 | Lair:2   | 9823 ||| Stepping ~*~*~tactically~*~*~ (stealth).
 10074 | Lair:2   | 10074 ||| Stepping ~*~*~tactically~*~*~ (stealth).
 10075 | Lair:2   | 10075 ||| Stepping ~*~*~tactically~*~*~ (stealth).
 10079 | Lair:2   | Received a gift from Okawaru
 10081 | Lair:2   | 10081 ||| Stepping ~*~*~tactically~*~*~ (stealth).
 10083 | Lair:2   | 10083 ||| Stepping ~*~*~tactically~*~*~ (stealth).
 10087 | Lair:2   | 10087 ||| Stepping ~*~*~tactically~*~*~ (stealth).
 10099 | Lair:2   | 10099 ||| Stepping ~*~*~tactically~*~*~ (stealth).
 10109 | Lair:2   | 10109 ||| INVOKING Heroism.
 10111 | Lair:2   | 10111 ||| INVOKING Finesse.
 10115 | Lair:2   | 10115 ||| SWAPPING to -2 demon whip of venom.
 10123 | Lair:2   | 10123 ||| SWAPPING to +4 heavy broad axe.
 10281 | Lair:2   | 10281 ||| Stepping ~*~*~tactically~*~*~ (stealth).
 10398 | Lair:2   | 10398 ||| Stepping ~*~*~tactically~*~*~ (hiding).
 10399 | Lair:2   | 10399 ||| Stepping ~*~*~tactically~*~*~ (hiding).
 10405 | Lair:2   | Found a staircase to the Snake Pit.
 10407 | Lair:2   | Identified the +6 war axe of the Spider {freeze, rF+}
                  | (Okawaru gifted it to you on level 2 of the Lair of Beasts)
 10407 | Lair:2   | Received a gift from Okawaru
 10838 | Lair:3   | 10838 ||| INVOKING Heroism.
 11009 | Lair:3   | 11009 ||| INVOKING Heroism.
 11042 | Lair:3   | 11042 ||| FLEEEEING.
 11043 | Lair:3   | 11043 ||| FLEEEEING.
 11155 | Lair:3   | Found a staircase to the Shoals.
 11161 | Lair:3   | 11161 ||| Stepping ~*~*~tactically~*~*~ (stealth).
 11162 | Lair:3   | 11162 ||| Stepping ~*~*~tactically~*~*~ (stealth).
 11188 | Lair:3   | 11188 ||| INVOKING Heroism.
 11222 | Lair:3   | Identified the +0 pair of boots of Nepaec {Will- rCorr
                  | Str+2}
 11507 | Lair:3   | Noticed Snorg
 11508 | Lair:3   | 11508 ||| INVOKING Heroism.
 11509 | Lair:3   | 11509 ||| INVOKING Finesse.
 11516 | Lair:3   | Killed Snorg
 11519 | Lair:3   | 11519 ||| Stepping ~*~*~tactically~*~*~ (stealth).
 11520 | Lair:3   | 11520 ||| Stepping ~*~*~tactically~*~*~ (stealth).
 11527 | Lair:3   | 11527 ||| Stepping ~*~*~tactically~*~*~ (stealth).
 11530 | Lair:3   | 11530 ||| Stepping ~*~*~tactically~*~*~ (stealth).
 11535 | Lair:3   | Reached skill level 13 in Axes
 11743 | Lair:3   | 11743 ||| UPGRADING to +0 pair of boots of Nepaec {Will-
                  | rCorr Str+2}.
 11810 | Lair:4   | 11810 ||| Stepping ~*~*~tactically~*~*~ (stealth).
 11812 | Lair:4   | 11812 ||| Stepping ~*~*~tactically~*~*~ (stealth).
 11842 | Lair:4   | Received a gift from Okawaru
 11847 | Lair:4   | 11847 ||| INVOKING Heroism.
 11865 | Lair:4   | 11865 ||| Stepping ~*~*~tactically~*~*~ (stealth).
 11942 | Lair:4   | Gained mutation: Your large and strong wings let you fly.
                  | [Gargoyle growth]
 11942 | Lair:4   | Reached XP level 14. HP: 86/88 MP: 21/21
 11986 | Lair:4   | 11986 ||| READING scroll of enchant weapon.
 11986 | Lair:4   | 11986 ||| ENCHANTING +4 heavy broad axe.
 12038 | Lair:4   | Found a viscous altar of Jiyva.
 12039 | Lair:4   | Found a staircase to the Slime Pits.
 12071 | Lair:4   | 12071 ||| Stepping ~*~*~tactically~*~*~ (hiding).
 12072 | Lair:4   | 12072 ||| Stepping ~*~*~tactically~*~*~ (hiding).
 12632 | Lair:4   | 12632 ||| READING scroll labelled DIONUA NA KETO.
 12681 | Lair:4   | 12681 ||| READING 7 scrolls of identify.
 12681 | Lair:4   | 12681 ||| IDENTIFYING smoky white potion
 12718 | Lair:5   | Entered Level 5 of the Lair of Beasts
 12721 | Lair:5   | 12721 ||| Stepping ~*~*~tactically~*~*~ (hiding).
 12722 | Lair:5   | 12722 ||| Stepping ~*~*~tactically~*~*~ (stealth).
 12741 | Lair:5   | Received a gift from Okawaru
 12742 | Lair:5   | Reached ****** piety under Okawaru
 12747 | Lair:5   | Reached skill level 14 in Axes
 12900 | Lair:5   | Found a glowing golden altar of the Shining One.
 12929 | Lair:5   | 12929 ||| Stepping ~*~*~tactically~*~*~ (hiding).
 12930 | Lair:5   | 12930 ||| Stepping ~*~*~tactically~*~*~ (hiding).
 12931 | Lair:5   | 12931 ||| Stepping ~*~*~tactically~*~*~ (hiding).
 13232 | Lair:5   | 13232 ||| Stepping ~*~*~tactically~*~*~ (hiding).
 13524 | Lair:5   | 13524 ||| INVOKING Heroism.
 13525 | Lair:5   | 13525 ||| INVOKING Finesse.
 13558 | Lair:5   | 13558 ||| Stepping ~*~*~tactically~*~*~ (stealth).
 13569 | Lair:5   | 13569 ||| INVOKING Heroism.
 13570 | Lair:5   | 13570 ||| INVOKING Finesse.
 13572 | Lair:5   | 13572 ||| Stepping ~*~*~tactically~*~*~ (stealth).
 13578 | Lair:5   | Identified the +8 executioner's axe of the Big Bang {pain,
                  | rN+++ Str-4 Int+5} (Okawaru gifted it to you on level 5 of
                  | the Lair of Beasts)
 13578 | Lair:5   | Received a gift from Okawaru
 13604 | Lair:5   | 13604 ||| Stepping ~*~*~tactically~*~*~ (stealth).
 13618 | Lair:5   | 13618 ||| INVOKING Finesse.
 13621 | Lair:5   | Reached skill level 12 in Shields
 13638 | Lair:5   | Noticed a dire elephant
 13639 | Lair:5   | 13639 ||| INVOKING Heroism.
 13652 | Lair:5   | Killed a dire elephant
 13686 | Lair:5   | Identified the staff of poison "Sawal" {rElec rPois rC+ rN+
                  | Dex-5}
 13692 | Lair:5   | Identified the ring "Quwoul" {Wiz Str+3 Dex+3}
 13755 | Lair:5   | 13755 ||| PLANNING D:1-11
 13755 | Lair:5   | 13755 ||| UPGRADING to ring of see invisible.
 13757 | Lair:5   | 13757 ||| DROPPING ring "Quwoul" {Wiz Str+3 Dex+3}.
 13758 | Lair:5   | 13758 ||| READING 6 scrolls of identify.
 13758 | Lair:5   | 13758 ||| IDENTIFYING viscous golden potion
 13762 | Lair:5   | Gained mutation: You occasionally lose the ability to drink
                  | potions when taking damage. [mutagenic glow]
 13852 | D:11     | 13852 ||| DRINKING 6 potions of mutation.
 13852 | D:11     | Lost mutation: You occasionally lose the ability to drink
                  | potions when taking damage. [potion of mutation]
 13852 | D:11     | Gained mutation: You are agile. (Dex +4, Str/Int -1)
                  | [potion of mutation]
 13852 | D:11     | Gained mutation: You have a pair of small horns on your
                  | head. [potion of mutation]
 13852 | D:11     | Gained mutation: Your spells are a little easier to cast,
                  | but a little less powerful. [potion of mutation]
 13887 | D:11     | 13887 ||| READING scroll of brand weapon.
 13887 | D:11     | 13887 ||| BRANDING +5 heavy broad axe.
 13927 | D:11     | 13927 ||| Stepping ~*~*~tactically~*~*~ (stealth).
 14140 | D:11     | 14140 ||| READING scroll of enchant armour.
 14140 | D:11     | 14140 ||| ENCHANTING +0 pair of gloves.
 14262 | D:11     | Found a staircase to the Orcish Mines.
 14343 | D:11     | 14343 ||| Stepping ~*~*~tactically~*~*~ (hiding).
 14373 | D:11     | 14373 ||| PLANNING D
 14373 | D:11     | 14373 ||| DROPPING +2 helmet.
 14374 | D:11     | 14374 ||| READING 8 scrolls of identify.
 14374 | D:11     | 14374 ||| IDENTIFYING red potion
 14375 | D:11     | 14375 ||| DROPPING potion of berserk rage.
 14538 | D:12     | 14538 ||| Stepping ~*~*~tactically~*~*~ (hiding).
 14539 | D:12     | 14539 ||| Stepping ~*~*~tactically~*~*~ (hiding).
 14851 | D:12     | 14851 ||| Stepping ~*~*~tactically~*~*~ (hiding).
 15142 | D:13     | 15142 ||| Stepping ~*~*~tactically~*~*~ (hiding).
 15157 | D:13     | Reached skill level 6 in Throwing
 15160 | D:13     | 15160 ||| INVOKING Heroism.
 15165 | D:13     | Identified the +2 scale mail "Roise" {Str+3} (Okawaru
                  | gifted it to you on level 13 of the Dungeon)
 15165 | D:13     | Received a gift from Okawaru
 15320 | D:13     | 15320 ||| READING scroll of brand weapon.
 15320 | D:13     | 15320 ||| BRANDING +5 broad axe of draining.
 15321 | D:13     | 15321 ||| DROPPING -2 demon whip of venom.
 15346 | D:13     | 15346 ||| Stepping ~*~*~tactically~*~*~ (hiding).
 15348 | D:13     | 15348 ||| Stepping ~*~*~tactically~*~*~ (hiding).
 15356 | D:13     | Reached XP level 15. HP: 70/94 MP: 22/22
 15532 | D:13     | 15532 ||| DRINKING 12 potions of curing.
 15532 | D:13     | 15532 ||| (to cure confusion)
 15561 | D:13     | 15561 ||| READING scroll of enchant weapon.
 15561 | D:13     | 15561 ||| ENCHANTING +5 broad axe of flaming.
 15578 | D:13     | 15578 ||| Stepping ~*~*~tactically~*~*~ (hiding).
 15579 | D:13     | 15579 ||| Stepping ~*~*~tactically~*~*~ (hiding).
 15601 | D:13     | Identified the +3 rapier of the Doomed Warrior {vamp, rN+
                  | Will+}
 16000 | D:13     | 16000 ||| UPGRADING to +0 kite shield of protection.
 16010 | D:13     | 16010 ||| DROPPING +0 kite shield of the Cobbler {Fly Will-
                  | Str+2 Dex+3}.
 16059 | D:14     | 16059 ||| INVOKING Heroism.
 16070 | D:14     | Reached skill level 15 in Axes
 16075 | D:14     | Noticed Louise
 16076 | D:14     | 16076 ||| INVOKING Finesse.
 16082 | D:14     | 16082 ||| INVOKING Heroism.
 16087 | D:14     | Killed Louise
 16201 | D:14     | Found a gate to the Vaults.
 16238 | D:14     | Reached skill level 12 in Fighting
 16421 | D:14     | Identified the +5 rapier of the Protecting Spider {vamp,
                  | rN++ Dex-2}
 16422 | D:14     | Noticed Jiolyugh's ghost (journeyman GrEE)
 16429 | D:14     | Found a transporter.
 16441 | D:14     | Found a transporter.
 16458 | D:14     | 16458 ||| Stepping ~*~*~tactically~*~*~ (hiding).
 16493 | D:14     | 16493 ||| Stepping ~*~*~tactically~*~*~ (hiding).
 16665 | D:14     | Found a shimmering altar of Xom.
 16687 | D:14     | 16687 ||| UPGRADING to +0 tower shield.
 16697 | D:14     | 16697 ||| DROPPING +0 kite shield of protection.
 16712 | D:15     | Entered Level 15 of the Dungeon
 16713 | D:15     | 16713 ||| PLANNING GAUNTLET
 16716 | D:15     | 16716 ||| Stepping ~*~*~tactically~*~*~ (hiding).
 16725 | D:15     | 16725 ||| INVOKING Heroism.
 16734 | D:15     | Identified the +0 pair of gloves of Wonder {Will+ SInv}
                  | (Okawaru gifted it to you on level 15 of the Dungeon)
 16734 | D:15     | Received a gift from Okawaru
 16753 | D:15     | 16753 ||| INVOKING Heroism.
 16754 | D:15     | HP: 21/96 [barbs]
 16755 | D:15     | 16755 ||| READING 8 scrolls of teleportation.
 16756 | D:15     | 16756 ||| DRINKING potion of heal wounds.
 16762 | D:15     | 16762 ||| Stepping ~*~*~tactically~*~*~ (stealth).
 16808 | D:15     | 16808 ||| INVOKING Heroism.
 16822 | D:15     | HP: 16/96 [red ugly thing (19)]
 16823 | D:15     | 16823 ||| READING 7 scrolls of teleportation.
 17097 | D:15     | Found a gate leading to a gauntlet.
 17098 | D:15     | 17098 ||| DROPPING +6 ring of intelligence.
 17107 | Gauntlet | Entered a Gauntlet
 17107 | Gauntlet | Found a transporter.
 17107 | Gauntlet | Found a transporter.
 17121 | Gauntlet | Found a transporter.
 17123 | Gauntlet | Found a transporter.
 17136 | Gauntlet | Found a transporter.
 17140 | Gauntlet | Found a runed translucent door.
 17140 | Gauntlet | Found a transporter.
 17142 | Gauntlet | Found a runed translucent door.
 17144 | Gauntlet | Found a transporter.
 17163 | Gauntlet | Found a transporter.
 17180 | Gauntlet | Found a transporter.
 17184 | Gauntlet | Found a transporter.
 17196 | Gauntlet | Found a transporter.
 17197 | Gauntlet | Found a transporter.
 17220 | Gauntlet | Found a runed translucent door.
 17258 | Gauntlet | Identified the staff of air "Zurigot" {rElec Int+5}
 17301 | Gauntlet | Gained mutation: Your magical capacity is low. (-10% MP) [a
                  | neqoxec]
 17310 | Gauntlet | 17310 ||| DRINKING 13 potions of curing.
 17310 | Gauntlet | 17310 ||| (to cure confusion)
 17311 | Gauntlet | Gained mutation: You are weak. (Str -2) [a cacodemon]
 17369 | Gauntlet | Identified the ring "Wouphapt" {Ice Str+3}
 17371 | Gauntlet | 17371 ||| DROPPING ring of ice.
 17399 | Gauntlet | Identified the +2 war axe "Brush" {heavy, *Rage Int+3
                  | Dex+6}
 17400 | Gauntlet | 17400 ||| Stepping ~*~*~tactically~*~*~ (hiding).
 17404 | Gauntlet | 17404 ||| INVOKING Heroism.
 17411 | Gauntlet | Slain by a minotaur

Levels and vault maps discovered:
D:1:      spicycebolla_arrival_transporter_tutorial, layout_loops_ring
D:2:      layout_loops_ring, minmay_splitting_lines
D:3:      layout_loops_cross, lightli_corner_chamber, uniq_robin
D:4:      minmay_chambers_of_threes, layout_cave_pools, portal_sewer_entry_c,
          serial_shops, nicolae_shop_competitors_out_of_business,
          nicolae_stop_n_shop_2, kennysheep_little_box, dk_noncrumbling_4
D:5:      layout_rooms, nicolae_qazlal_beasts_of_the_sky,
          okawaru_ov_weapons_minmay, minmay_misc_feat_chi, uniq_blork_the_orc
D:6:      layout_basic, grunt_ministairs_2, kennysheep_generic_room_3
D:7:      layout_cave_pools, minitemple, minmay_temple_entry_fiery,
          uniq_prince_ribbit1, uniq_duvessa
D:8:      layout_basic, enter_bailey_5, minmay_stone_trees_medium, uniq_maggie
D:9:      minmay_the_grid_plus_closed [minmay_the_grid_tri_star,
          minmay_the_grid_pillar_ring, minmay_the_grid_minigrid_small,
          minmay_the_grid_doors, minmay_the_grid_prize_four_corners],
          layout_rooms, gammafunk_ghost_nasty_kobolds, kb_lookout_dungeons_type,
          uniq_amaemon
D:10:     layout_roguey, david_lair_generic
D:11:     layout_roguey, orc_0_dummy
D:12:     layout_loops_ring
D:13:     minmay_spotlight, layout_loops_ring
D:14:     layout_basic, david_vaults_2, xom_teletrap_fun, nzn_ghost_randoct,
          uniq_louise
D:15:     gammafunk_enter_depths_forms, layout_loops_corners, special_room
          [special_room_orc], gauntlet_entry_generic, drop_trap,
          minmay_beelzebubs_servants, uniq_roxanne
Lair:1:   layout_roguey, serial_bayou_ford_a, serial_bayou_shore_b,
          grunt_megastairs_2
Lair:2:   layout_loops_ring, nicolae_snake_entry_squirm, fungi_pond_lemuel,
          wad_woods_river_02, disabler_island, infiniplex_staircase_pool
Lair:3:   layout_cave_pods, nicolae_shoals_entry_roost, minivault_23,
          lemuel_fruit_fields, uniq_snorg
Lair:4:   layout_regular_city, slime_entry_1, serial_bayou_shore_b
Lair:5:   grunt_lair_end_beastmaster, layout_cave_shapes, basic_altar,
          grunt_megastairs_3
Gauntlet: minmay_gauntlet_77_indecision [minmay_gauntlet_arena_77_path,
          minmay_gauntlet_arena_77_braids, minmay_gauntlet_arena_77_two_lines,
          minmay_gauntlet_arena_77_mirror, minmay_gauntlet_arena_77_cramped,
          minmay_gauntlet_arena_77_terracotta_army,
          nicolae_gauntlet_exit_dead_adventurers]

Skill      XL: |  1  2  3  4  5  6  7  8  9 10 11 12 13 14 15 |
---------------+----------------------------------------------+-----
Axes           | 2 3 4 5 6 7 8 9 11 13 14 15 | 15.1
Throwing       | 1 2 3 4 5 6 |  6.1
Dodging        | 1 2 3 4 5 |  5.0
Fighting       | 4 5 6 7 8 9 10 11 12 | 12.0
Invocations    | 3 4 8 10 | 10.0
Armour         | 5 6 8 10 11 | 11.0
Shields        | 4 6 10 11 12 13 | 13.9

Action                     |  1- 3 |  4- 6 |  7- 9 | 10-12 | 13-15 || total
---------------------------+-------+-------+-------+-------+-------++-------
  Melee: War axe           |    88 |    58 |       |       |       ||   146
         Broad axe         |       |    87 |   122 |   231 |   566 ||  1006
         Demon whip        |       |       |       |       |     7 ||     7
         Headbutt          |       |       |       |       |   106 ||   106
  Throw: Javelin           |       |     9 |    32 |    49 |   148 ||   238
         Boomerang         |       |    37 |     9 |     6 |    44 ||    96
 Invoke: Heroism           |       |       |     9 |    21 |    17 ||    47
         Finesse           |       |       |       |       |     6 ||     6
    Use: Scroll            |     2 |    11 |     6 |     6 |    12 ||    37
         Potion            |       |     2 |     2 |       |     4 ||     8
 Armour: Scale mail        |    51 |   108 |    14 |       |       ||   173
         Chain mail        |       |       |    53 |    82 |       ||   135
         Plate armour      |       |       |       |    71 |   297 ||   368
  Dodge: Dodged            |    38 |    79 |    63 |   117 |   185 ||   482
  Block: Buckler           |     6 |    41 |    47 |    46 |       ||   140
         Kite shield       |       |       |       |    74 |   300 ||   374
         Tower shield      |       |       |       |       |   120 ||   120

Table legend:
 A = Non-vault XP
 B = Vault XP
 C = Vault XP percentage of total XP
 D = Non-vault monster count
 E = Vault monster count
 F = Vault count percentage of total count
                 A         B        C        D         E       F
            +---------+---------+-------+---------+---------+-------
      Total |   79848 |   39748 |  33.2 |     375 |     178 |  32.2
            +---------+---------+-------+---------+---------+-------
        D:1 |      46 |       0 |   0.0 |      30 |       0 |   0.0
        D:2 |      57 |       0 |   0.0 |      12 |       0 |   0.0
        D:3 |      21 |      39 |  65.0 |       9 |      13 |  59.1
        D:4 |     297 |     268 |  47.4 |      28 |      18 |  39.1
        D:5 |     290 |     213 |  42.3 |       8 |       2 |  20.0
        D:6 |    1240 |     137 |   9.9 |      15 |       4 |  21.1
        D:7 |     863 |     506 |  37.0 |      13 |       3 |  18.8
        D:8 |     917 |     402 |  30.5 |      17 |       5 |  22.7
        D:9 |    2667 |   11371 |  81.0 |      23 |      30 |  56.6
       D:10 |    3707 |     976 |  20.8 |      20 |       4 |  16.7
       D:11 |    3254 |       0 |   0.0 |      12 |       0 |   0.0
       D:12 |    3479 |       0 |   0.0 |      16 |       0 |   0.0
       D:13 |    7918 |    1479 |  15.7 |      16 |       3 |  15.8
       D:14 |    9501 |    3733 |  28.2 |      17 |       4 |  19.0
       D:15 |   10512 |    2435 |  18.8 |      19 |       6 |  24.0
     Lair:1 |    6367 |       0 |   0.0 |      24 |       0 |   0.0
     Lair:2 |    9651 |    1111 |  10.3 |      33 |       9 |  21.4
     Lair:3 |    3825 |    3492 |  47.7 |      19 |       5 |  20.8
     Lair:4 |    7274 |       0 |   0.0 |      19 |       0 |   0.0
     Lair:5 |    7962 |   10414 |  56.7 |      25 |      21 |  45.7
      Sewer |       0 |     316 | 100.0 |       0 |      41 | 100.0
   Gauntlet |       0 |    2856 | 100.0 |       0 |      10 | 100.0
            +---------+---------+-------+---------+---------+-------
